 Dungeon Crawl Stone Soup version 0.27-a0-1319-geec4fb4e21 (webtiles) character file.

Game seed: 17992059467698017107

776 Anon1729 the Insei (level 7, -6/56 HPs)
             Began as a Demigod Transmuter on June 21, 2021.
             Mangled by Prince Ribbit (18 damage)
             ... on level 5 of the Dungeon.
             The game lasted 00:06:57 (6821 turns).

Anon1729 the Insei (Demigod Transmuter)             Turns: 6821, Time: 00:06:58

Health: -6/56      AC:  2    Str: 11    XL:     7   Next: 28%
Magic:  13/14      EV: 13    Int: 23    God:
Gold:   296        SH:  0    Dex: 14    Spells: 6/12 levels left

rFire    . . .     SeeInvis .     - Unarmed
rCold    . . .     Faith    .   (no shield)
rNeg     . . .     Spirit   .   a - +0 robe
rPois    .         Reflect  .   (no helmet)
rElec    .         Harm     .   (no cloak)
rCorr    .         Rampage  .   (no gloves)
Will     .....                  (no boots)
Stlth    +.........             (no amulet)
HPRegen  0.18/turn              (no ring)
MPRegen  0.14/turn              (no ring)

@: no status effects
A: high mp 1, forlorn
a: no special abilities


You were on level 5 of the Dungeon.
You visited 1 branch of the dungeon, and saw 5 of its levels.
You also visited: Sewer.

You collected 296 gold pieces.

Inventory:

Missiles
 c - a curare-tipped dart
 q - a throwing net
Armour
 a - a +0 robe (worn)
Jewellery
 o - a ring of fire
Scrolls
 b - 6 scrolls of identify {unknown}
 e - 2 scrolls of teleportation {unknown}
 g - 2 scrolls of amnesia {unknown}
 h - a scroll of enchant armour {unknown}
 i - 2 scrolls of magic mapping {unknown}
 j - 3 scrolls of noise {unknown}
 r - a scroll of immolation {unknown}
Potions
 d - a potion of magic {unknown}
 f - a potion of degeneration {unknown}
 k - a potion of lignification {unknown}
 l - 2 potions of curing {unknown}
 m - 3 potions of flight {unknown}
 p - a potion of ambrosia {unknown}
 s - a potion of attraction {unknown}


   Skills:
 + Level 2.6 Fighting
 + Level 3.1 Dodging
 + Level 4.8 Unarmed Combat
 + Level 3.0 Spellcasting
 + Level 4.2 Transmutations
 + Level 2.1 Poison Magic


You had 6 spell levels left.
You knew the following spells:

 Your Spells              Type           Power      Damage    Failure   Level
a - Beastly Appendage     Tmut           46%        N/A       1%          1
b - Wereblood             Tmut           23%        N/A       3%          2
c - Spider Form           Tmut/Pois      9%         N/A       10%         3

Your spell library contained the following spells:

 Spells                   Type           Power      Damage    Failure   Level
 Sting                    Tmut/Pois      72%        1d6       3%          1
 Corona                   Hex            3%         N/A       12%         1
 Poisonous Vapours        Pois/Air       16%        N/A       12%         2
 Ignite Poison            Fire/Tmut/Pois 13%        N/A       14%         3
 Slow                     Hex            3%         N/A       17%         2
 Mephitic Cloud           Conj/Pois/Air  6%         N/A       26%         3
 Inner Flame              Hex/Fire       3%         N/A       34%         3
 Portal Projectile        Hex/Tloc       6%         N/A       34%         3
 Ice Form                 Ice/Tmut       13%        N/A       43%         4
 Olgreb's Toxic Radiance  Pois           13%        N/A       43%         4
 Cause Fear               Hex            1%         N/A       75%         4
 Leda's Liquefaction      Hex/Erth       1%         N/A       75%         4


Dungeon Overview and Level Annotations

Branches:
Dungeon (5/15)             Temple (0/1) D:4           Sewer (visited)

Shops:
D:5 =

Annotations:
D:3 3 runed translucent doors, askman's ghost, amateur DsFi
D:5 Prince Ribbit


Innate Abilities, Weirdness & Mutations

Your attributes grow dramatically as you level up.
You have an increased reservoir of magic. (+10% MP)
You shall have no god before yourself.


Message History

You kill the orc!
You closely miss Prince Ribbit. Prince Ribbit hits you!!
You barely miss Prince Ribbit.
Prince Ribbit blinks!
The orc wizard casts a spell.
The orc wizard flickers and vanishes!
The orc throws a boomerang.
The boomerang hits you but does no damage.
Your transformation is almost over.
Something hits you.
The orc throws a boomerang.
The boomerang closely misses you.
You closely miss something. Something hits you.
You miss something.
The orc throws a boomerang.
Something hits you.
You hit something.
The orc throws a boomerang.
The boomerang hits you.
* * * LOW HITPOINT WARNING * * *
Something barely misses you.
The orc shouts!
The orc throws a boomerang.
The boomerang hits you but does no damage.
Prince Ribbit blinks!
You closely miss something. Something closely misses you.
You bite something! Prince Ribbit hits you!
* * * LOW HITPOINT WARNING * * *
You hear some strange, mumbled words.
Something tries to affect you, but you resist.
You feel much better.
Your transformation has ended.
Your +0 robe unmelds from your body.
Prince Ribbit hits you!
The orc throws a boomerang.
The boomerang barely misses you. Prince Ribbit hits you!
* * * LOW HITPOINT WARNING * * *
Something hits you but does no damage.
You feel much better.
Prince Ribbit lets out a mournful croak.
Prince Ribbit hits you!
* * * LOW HITPOINT WARNING * * *
Something hits you.
* * * LOW HITPOINT WARNING * * *
Okay, then.
Prince Ribbit hits you!!
You die...

# #..............# #..........# #
#..............# #..)........
#####..............###.........##
†............#######.............
.............# #.........#.#.
............## #......#...>#.
.....)#####################.####.
......# #..o{.F.............##.
....).# #.####@.....#####..###)
......# #.# #o................
......#####{####.................
#####..o..)......................
#......F.......##.............
#)..........)..# ..........###
#................# ...).........
..................# .............
##.#..............# ............


You could see Prince Ribbit and 2 orcs.

Vanquished Creatures
  Sigmund (D:5)
  A black bear (D:4)
  A sky beast (D:5)
  A phantom (D:5)
  A kobold brigand (Sewer)
  A scorpion (D:5)
  A jelly (D:4)
  A bullfrog skeleton (D:5)
  A scorpion zombie (D:5)
  A hound skeleton (D:5)
  A gnoll (D:1)
  5 adders
  2 river rats (Sewer)
  An ufetubus (D:5)
  An adder skeleton (D:4)
  2 worms
  2 dart slugs
  3 orcs (D:5)
  5 bats
  4 endoplasms
  2 giant cockroaches
  5 goblins
  4 hobgoblins
  4 jackals
  11 kobolds
  A quokka (D:3)
  6 ball pythons
  2 frilled lizards
  4 rats
75 creatures vanquished.

Notes
Turn   | Place    | Note
-------+----------+-------------------------------------------
     0 | D:1      | Anon1729 the Demigod Transmuter began the quest for the
                  | Orb.
     0 | D:1      | Reached XP level 1. HP: 15/15 MP: 5/5
    62 | D:1      | Reached skill level 1 in Fighting
   645 | D:1      | Reached XP level 2. HP: 23/23 MP: 5/7
  1520 | D:1      | Learned a level 2 spell: Wereblood
  1553 | D:2      | Reached XP level 3. HP: 11/28 MP: 8/8
  2829 | D:3      | Found a runed translucent gate.
  2830 | D:3      | Found a runed translucent gate.
  2830 | D:3      | Found a runed translucent gate.
  2830 | D:3      | Noticed askman's ghost (amateur DsFi)
  2917 | D:3      | Found a glowing drain.
  2926 | Sewer    | Entered a sewer
  2937 | Sewer    | HP: 1/28 [river rat (4)]
  3145 | Sewer    | Noticed a kobold brigand
  3193 | Sewer    | Killed a kobold brigand
  3194 | Sewer    | Reached XP level 4. HP: 14/35 MP: 7/9
  4046 | D:3      | Reached XP level 5. HP: 40/40 MP: 8/10
  4595 | D:4      | Found a staircase to the Ecumenical Temple.
  4718 | D:4      | Noticed a black bear
  4724 | D:4      | Learned a level 3 spell: Spider Form
  4740 | D:4      | Killed a black bear
  4924 | D:4      | Reached XP level 6. HP: 17/48 MP: 10/12
  5442 | D:5      | Entered Level 5 of the Dungeon
  5507 | D:5      | Reached skill level 1 in Poison Magic
  6017 | D:5      | Found Qohuawk's Jewellery Shop.
  6350 | D:5      | Noticed Sigmund
  6371 | D:5      | Killed Sigmund
  6372 | D:5      | Reached XP level 7. HP: 22/56 MP: 11/14
  6771 | D:5      | Noticed Prince Ribbit
  6821 | D:5      | Mangled by Prince Ribbit

Illustrated notes

Levels and vault maps discovered:
D:1:      giann_bridges, layout_loops_corners, hangedman_decor_growths
D:2:      layout_loops_corners, shapermc_ecumenical_altar_mp_vishouse
D:3:      layout_basic, cheibrodos_sewer_entry_bend, gammafunk_ghost_necromancy
D:4:      layout_loops_ring, minmay_temple_entry_offerings, kennysheep_dice
D:5:      layout_basic, serial_shops, nicolae_shop_crystal, uniq_prince_ribbit1,
          uniq_sigmund

Skill      XL: |  1  2  3  4  5  6  7 |
---------------+----------------------+-----
Fighting       | 1 2 |  2.6
Transmutations | 2 3 4 |  4.2
Dodging        | 2 3 |  3.1
Spellcasting   | 2 3 |  3.0
Unarmed Combat | 3 4 |  4.8
Poison Magic   | 1 2 |  2.1

Action                   |  1- 3 |  4- 6 |  7- 9 || total
-------------------------+-------+-------+-------++-------
Melee: Unarmed           |   150 |   127 |    21 ||   298
       Kick              |    23 |    20 |       ||    43
       Headbutt          |     9 |    20 |       ||    29
       Punch             |     3 |       |       ||     3
 Cast: Beastly Appendage |    22 |    16 |     2 ||    40
       Wereblood         |     2 |     1 |       ||     3
       Spider Form       |       |     2 |     2 ||     4
  Use: Potion            |     1 |       |     2 ||     3
 Stab: Sleeping          |       |     3 |       ||     3
Armor: Robe              |    27 |     8 |     1 ||    36
       Skin              |       |     1 |     3 ||     4
Dodge: Dodged            |    74 |    74 |    13 ||   161

Table legend: (Time is in decaauts)
 A = Elapsed time spent in this place.
 B = Non-inter-level travel time spent in this place.
 C = Inter-level travel time spent in this place.
 D = Time resting spent in this place.
 E = Time spent auto-exploring this place.
 F = Levels seen in this place.
 G = Mean time per level.
                   A        B        C        D        E       F      G
               +--------+--------+--------+--------+--------+-----+--------+
         Total |   6845 |   6732 |    113 |    572 |   5379 |   6 | 1140.8 |
       Dungeon |   6243 |   6130 |    113 |    562 |   4907 |   5 | 1248.6 |
         Sewer |    602 |    602 |      0 |     10 |    472 |   1 |  602.0 |
               +--------+--------+--------+--------+--------+-----+--------+

Top non-repeatable levels by time:
     D:1: 1527 daAuts
     D:5: 1372 daAuts
     D:2: 1239 daAuts
     D:3: 1083 daAuts
     D:4: 1021 daAuts
   Sewer: 602 daAuts
